 Dungeon Crawl Stone Soup version 0.23.0 (webtiles) character file.

Game seed: 15805895614768427276

44 Monsterracer the Ruffian (level 3, -2/33 HPs)
             Began as a Troll Enchanter on Feb 18, 2019.
             Slain by an ogre
             ... wielding a +0 giant spiked club
              (9 damage)
             ... on level 2 of the Dungeon.
             The game lasted 00:00:57 (1268 turns).

Monsterracer the Ruffian (Troll Enchanter)          Turns: 1268, Time: 00:00:57

Health: -2/33      AC:  6    Str: 17    XL:     3   Next: 39%
Magic:  3/3        EV: 10    Int: 11    God:
Gold:   97         SH:  0    Dex: 10    Spells: 3/4 levels left

rFire    . . .     SeeInvis .     - Unarmed
rCold    . . .     Gourm    +   (no shield)
rNeg     . . .     Faith    .   b - +0 robe
rPois    .         Spirit   .   (helmet restricted)
rElec    .         Reflect  .   (no cloak)
rCorr    .         Harm     .   (gloves unavailable)
MR       .....                  (boots unavailable)
Stlth    ++........             (no amulet)
HPRegen  0.51/turn              (no ring)
MPRegen  0.08/turn              (no ring)

@: no status effects
A: large, unfitting armour, claws 3, fast metabolism 3, gourmand, regeneration
1, shaggy fur 1, tough skin 3
a: no special abilities


You were on level 2 of the Dungeon.
You were completely stuffed.

You visited 1 branch of the dungeon, and saw 2 of its levels.

You collected 97 gold pieces.

Inventory:

Armour
 b - a +0 robe (worn)
Scrolls
 a - 3 scrolls of remove curse {unknown}
 d - 2 scrolls of fog {unknown}
 f - a scroll of teleportation {unknown}
 g - 5 scrolls of identify {unknown}
Potions
 e - 3 potions of curing {unknown}
 h - 2 potions of flight {unknown}
 i - a potion of brilliance {unknown}
 j - 2 potions of might {unknown}
 k - a potion of heal wounds {unknown}
 l - 2 potions of haste {unknown}
 m - a potion of magic {unknown}
 o - a potion of lignification {unknown}
Comestibles
 c - 10 rations


   Skills:
 + Level 1.1 Fighting
   Level 0.7 Short Blades
 - Level 1.5 Dodging
 - Level 1.5 Stealth
 * Level 2.6 Unarmed Combat
 - Level 1.2 Spellcasting
 - Level 2.0 Hexes


You had 3 spell levels left.
You knew the following spells:

 Your Spells              Type           Power        Failure   Level  Hunger
j - Corona                Hex            #......      14%         1    ##.....

Your spell library contained the following spells:

 Spells                   Type           Power        Failure   Level  Hunger
 Ensorcelled Hibernation  Hex/Ice        #.....       32%         2    ###....
 Confuse                  Hex            #.......     38%         3    ####...
 Tukima's Dance           Hex            #.......     38%         3    ####...
 Dazzling Spray           Conj/Hex       #.....       54%         3    ####...


Dungeon Overview and Level Annotations

Branches:
Dungeon (2/15)

Altars:


Innate Abilities, Weirdness & Mutations

You are too large for most types of armour.
You have claws for hands.
Your metabolism is lightning-fast.
You like to eat raw meat.
Your natural rate of healing is unusually fast.
You are covered in fur. (AC +1)
You have extremely tough skin. (AC +3)


Message History

You kill the kobold!
The kobold hits you but does no damage.
You barely miss the kobold. The kobold hits you with a +0 dagger.
You take 1 damage, and have 30/32 hp.
You completely miss the kobold. The kobold closely misses you.
You completely miss the kobold. The kobold barely misses you.
A kobold is nearby!
You claw the kobold!
You kill the kobold!
Health restored: 32 No target in view!
Things that are here:
a +0 dagger; a kobold corpse No target in view!
l - an inky potion
Things that are here:
a stone; a +0 ring mail; a kobold corpse Key pressed, stopping explore.
No target in view!
Key pressed, stopping explore.
No target in view!
No target in view!
a - 3 scrolls labeled LEGHEC PESAA (gained 1)
m - a bubbling silvery potion You see here 15 stones.
You butcher the ball python corpse.
n - 4 chunks of flesh You see here a ball python skeleton. x2
Eating one of 4 chunks of flesh.
You eat one of the 4 chunks of flesh.
This raw flesh tastes great.
Key pressed, stopping explore.
No target in view!
A bat comes into view.
A bat is nearby!
A bat is nearby!
A bat is nearby!
A bat is nearby!
The helpless bat fails to defend itself.
You claw the bat!
You kill the bat!
Eating one of 3 chunks of flesh.
You eat one of the 3 chunks of flesh.
This raw flesh tastes great.
Key pressed, stopping explore.
No target in view!
No target in view!
There is a stone staircase leading up here.
You see here a frilled lizard corpse.
Found a stone staircase leading down.
An adder comes into view.
The adder hisses angrily.
An adder is nearby!
An adder is nearby!
You scratch the adder.
The adder is lightly wounded.
The adder bites you but does no damage.
You claw the adder!
You kill the adder!
Your Fighting skill increases to level 1!
Health restored: 33
l - 2 inky potions (gained 1)
There is a stone staircase leading down here.
You see here 15 stones.
Key pressed, stopping explore.
No target in view!
Eating one of 2 chunks of flesh.
You eat one of the 2 chunks of flesh.
This raw flesh tastes great.
Found 4 tomahawks of dispersal.
You see here a spear.
No target in view!
o - a white potion You see here a hand axe.
No target in view!
All of the chunks of flesh in your inventory have rotted away.
Key pressed, stopping explore.
No target in view!
Found 27 sling bullets.
No target in view!
An ogre comes into view. It is wielding a +0 giant spiked club.
An ogre is nearby!
An ogre is nearby!
You scratch the ogre.
The ogre is lightly wounded.
The ogre closely misses you.
You scratch the ogre.
The ogre is moderately wounded.
You scratch the ogre.
The ogre is heavily wounded.
The ogre hits you with a +0 giant spiked club!
You take 15 damage, and have 18/33 hp.
MASSIVE DAMAGE!!
You are too injured to fight recklessly!
You scratch the ogre but do no damage.
The ogre is heavily wounded.
The ogre hits you with a +0 giant spiked club!
* * * LOW HITPOINT WARNING * * *
You take 12 damage, and have 6/33 hp.
MASSIVE DAMAGE!!
Unknown command.
You barely miss the ogre.
The ogre is heavily wounded.
The ogre hits you with a +0 giant spiked club!
You die...

####### ##...).##.
##.......#.##########
#.............#.....##
.....................##
......................#
.......)..............#
................!.....#
..[.............@O....#
......................#
#.....................#
#..................(.##
#.............#.....##
##.......############
#......## ##.######
.#.#


You could see an ogre.

Vanquished Creatures
  2 adders (D:2)
  2 leopard geckos (D:1)
  A giant cockroach (D:1)
  4 goblins
  2 hobgoblins (D:1)
  3 kobolds
  2 ball pythons
  6 bats
  A frilled lizard (D:2)
  2 rats
25 creatures vanquished.

Notes
Turn   | Place    | Note
-------+----------+-------------------------------------------
     0 | D:1      | Monsterracer the Troll Enchanter began the quest for the
                  | Orb.
     0 | D:1      | Reached XP level 1. HP: 16/16 MP: 1/1
   140 | D:1      | Reached skill level 1 in Unarmed Combat
   215 | D:1      | Reached XP level 2. HP: 24/24 MP: 2/2
   822 | D:2      | HP: 13/26 [poisoned by an adder]
   828 | D:2      | HP: 12/26 [poisoned by an adder]
   833 | D:2      | HP: 13/26 [poisoned by an adder]
   916 | D:2      | Reached XP level 3. HP: 32/32 MP: 3/3
  1150 | D:2      | Reached skill level 1 in Fighting
  1260 | D:2      | Noticed an ogre
  1267 | D:2      | HP: 6/33 [ogre/+0 giant spiked club (12)]
  1268 | D:2      | Slain by an ogre

Skill      XL: |  1  2  3 |
---------------+----------+-----
Unarmed Combat | 1 2 |  2.6
Fighting       | 1 |  1.1
Short Blades   | |  0.7
Dodging        | |  1.5
Stealth        | |  1.5
Spellcasting   | |  1.2
Hexes          | |  2.0

Action                   || total
-------------------------++-------
Melee: Unarmed           ||    57
       Punch             ||     1
 Stab: Sleeping          ||     4
  Eat: Chunk             ||    17
Armor: Robe              ||    25
Dodge: Dodged            ||    32

Levels and vault maps discovered:
D:1:      shiori_arrival_elements, layout_loops_ring
D:2:      layout_rooms
